 Dungeon Crawl Stone Soup version 0.29.1-12-g30fa7ad0bf (webtiles) character file.

Game seed: 2467423817497048640

49 booth the Ruffian (level 3, -6/28 HPs)
             Began as a Draconian Transmuter on Dec 19, 2022.
             Mangled by a gnoll
             ... wielding a +2 whip of distortion
              (19 damage)
             ... on level 2 of the Dungeon.
             The game lasted 00:10:30 (1239 turns).

booth the Ruffian (Draconian Transmuter)            Turns: 1239, Time: 00:10:31

Health: -6/28      AC:  6    Str: 12    XL:     3   Next: 51%
Magic:  5/7        EV: 12    Int: 15    God:
Gold:   68         SH:  0    Dex: 11    Spells: 1/7 levels left

rFire   . . .      SeeInvis .     - Unarmed
rCold   . . .      Faith    .   (no shield)
rNeg    . . .      Spirit   .   (body armour unavailable)
rPois   .          Reflect  .   (helmet currently unavailable)
rElec   .          Harm     .   (no cloak)
rCorr   .          Rampage  .   h - +0 pair of gloves
Will    .....                   (boots currently unavailable)
Stlth   +.........              (no amulet)
HPRegen 0.09/turn               (no ring)
MPRegen 0.10/turn               (no ring)

@: appendages
A: horns 2, talons 2, AC +5, unfitting armour, cold-blooded
a: End Transformation


You were on level 2 of the Dungeon.
You had temporarily grown beastly horns and talons.
You visited 1 branch of the dungeon, and saw 2 of its levels.

You collected 68 gold pieces.

Inventory:

Hand Weapons
 g - a +0 quarterstaff
 k - a +0 mace
Armour
 h - a +0 pair of gloves (worn)
Scrolls
 i - a scroll of magic mapping {unknown}
Potions
 a - a potion of lignification
 b - a potion of brilliance
 c - a potion of curing
 d - a potion of attraction {unknown}
 e - 2 potions of heal wounds {unknown}
 f - 3 potions of mutation {unknown}
 j - a potion of haste


   Skills:
 + Level 1.1 Fighting
 + Level 2.0 Dodging
 + Level 3.4 Unarmed Combat
 + Level 2.7 Spellcasting
 * Level 2.5 Transmutations
 * Level 0.2 Poison Magic


You had one spell level left.
You knew the following spells:

 Your Spells              Type           Power      Damage    Failure   Level
a - Beastly Appendage     Tmut           18%        N/A       8%          1
b - Wereblood             Tmut           9%         N/A       11%         2
c - Spider Form           Tmut/Pois      6%         N/A       34%         3

Your spell library contained the following spells:

 Spells                   Type           Power      Damage    Failure   Level
 Confusing Touch          Hex            2%         N/A       52%         3
 Ice Form                 Ice/Tmut       5%         N/A       77%         4
 Yara's Violent Unravell  Hex/Tmut       2%         3d3       98%         5
 Enfeeble                 Hex            1%         N/A       100%        7


Dungeon Overview and Level Annotations

Branches:
Dungeon (2/15)

Altars:

Shops:
D:1 ?

Annotations:
D:1 1 transporter


Innate Abilities, Weirdness & Mutations

You have temporarily grown beastly horns and talons.
Your plain brown scales are hard. (AC +5)
You cannot fit into any form of body armour.
You are cold-blooded and may be slowed by cold attacks.


Message History

Casting: Beastly Appendage (safe; 8% risk of failure)
Confirm with . or Enter, or press ? or * to list all spells.
You grow a pair of large bovine horns.
Your feet morph into talons.
The ball python hisses angrily.
The gnoll shouts!
You hear a shout!
A gnoll comes into view. It is wielding a +2 whip of distortion.
You hear a shout!
The ball python closely misses you. The ball python grabs you.
The ball python constricts you.
You escape the ball python's grasp.
Casting: Beastly Appendage (safe; 8% risk of failure)
Confirm with . or Enter, or press ? or * to list all spells.
You fail to extend your transformation any further.
The ball python closely misses you. The ball python barely misses you.
You hit the ball python.
You kill the ball python!
You hit the gnoll. Your headbutt misses the gnoll.
The gnoll is moderately wounded.
The gnoll barely misses you.
You punch the gnoll! You claw the gnoll.
You kill the gnoll!
You barely miss the gnoll. Your headbutt misses the gnoll.
The gnoll misses you.
You hit the gnoll but do no damage. Your kick misses the gnoll.
Your headbutt misses the gnoll.
The gnoll hits you with a +2 whip of distortion!
Space warps around you.
You hit the gnoll.
You headbutt the gnoll, but do no damage.
The gnoll is moderately wounded.
The gnoll closely misses you.
Casting: Beastly Appendage (safe; 8% risk of failure)
Confirm with . or Enter, or press ? or * to list all spells.
You extend your transformation's duration.
The gnoll barely misses you.
You hit the gnoll. You claw the gnoll. You headbutt the gnoll.
The gnoll is almost dead.
The gnoll hits you with a +2 whip of distortion.
Space warps horribly around you!!
Ouch! That really hurt!
You die...

###### ....> .## ....
...# ... ...# #.g ....#
#.# ....#
#######.####....# ##
........g@..# ..
######..##..# #.
#....###.## #.
##.###....#
..#######..#...########
..<.......#..### #...#
.........##.#######...#
.........##...........#
............#######...#


You could see a gnoll.

Vanquished Creatures
  A gnoll (D:2)
  2 dart slugs (D:1)
  4 bats
  3 endoplasms (D:1)
  A giant cockroach (D:2)
  2 hobgoblins (D:1)
  A kobold (D:2)
  5 quokkas
  A ball python (D:2)
  4 frilled lizards (D:1)
  3 goblins (D:1)
  7 rats
34 creatures vanquished.

Notes
Turn   | Place    | Note
-------+----------+-------------------------------------------
     0 | D:1      | booth the Draconian Transmuter began the quest for the Orb.
     0 | D:1      | Reached XP level 1. HP: 16/16 MP: 3/3
   223 | D:1      | Found Uwo Peca's Magic Scroll Boutique.
   267 | D:1      | Reached XP level 2. HP: 23/23 MP: 3/5
   788 | D:1      | Reached XP level 3. HP: 28/28 MP: 3/6
   985 | D:1      | Learned a level 2 spell: Wereblood
   989 | D:1      | Learned a level 3 spell: Spider Form
  1239 | D:2      | Mangled by a gnoll

Illustrated notes

Levels and vault maps discovered:
D:1:      spicycebolla_arrival_risky_transporter, layout_basic, serial_shops,
          shop, minmay_splitting_lines
D:2:      layout_rooms

Skill      XL: |  1  2  3 |
---------------+----------+-----
Dodging        | 2 |  2.0
Fighting       | |  1.1
Unarmed Combat | |  3.4
Spellcasting   | |  2.7
Transmutations | |  2.5
Poison Magic   | |  0.2

Action                   || total
-------------------------++-------
Melee: Unarmed           ||    85
       Headbutt          ||    11
       Kick              ||    10
       Tailslap          ||     1
       Punch             ||     3
 Cast: Beastly Appendage ||    24
  Use: Scroll            ||     5
       Potion            ||     1
 Stab: Sleeping          ||     1
Armor: Skin              ||    23
Dodge: Dodged            ||    44
